[Event "Titled Tuesday Blitz May 23 Early 2023"]
[White "Ordekalog"]
[Black "Dehtiarov, Roman"]
[BlackFideId "14186640"]
[WhiteElo "2518"]
[BlackElo "2189"]
[Result "0-1"]
[Round "08"]
[TimeControl "180+2"]
[Date "2023.05.23"]
[WhiteClock "0:00:00"]
[BlackClock "0:00:11"]

1. e4 e5 2. Nf3 Nc6 3. Bb5 a6 4. Bxc6 dxc6 5. O-O Be7 6. Nxe5 Qd4 7. Nd3 Qxe4 8. Nc3 Qg6 9. Nf4 Qf5 10. d3 Nf6 11. Re1 g5 12. Nh5 Nxh5 13. Qxh5 Be6 14. Ne4 O-O-O 15. Ng3 Qa5 16. Re2 Qb4 17. a3 Qd4 18. Re4 Qc5 19. Qe2 h5 20. Nxh5 Bd6 21. Be3 Qb5 22. c4 Qb3 23. Rd1 Bf5 24. Rd4 c5 25. Rd5 Bg6 26. Rxg5 Kb8 27. Ng3 Be7 28. Rd5 Rxd5 29. cxd5 Qxd5 30. Bf4 Bf6 31. Ne4 Bg7 32. Nc3 Qc6 33. Re1 Rd8 34. Be5 Bxe5 35. Qxe5 Ka7 36. h4 b6 37. h5 Bxd3 38. Re3 Rg8 39. Rg3 Rxg3 40. Qxg3 c4 41. Qe3 Qf6 42. h6 Qh4 43. Nd5 Qh5 44. Nf6 Qg6 45. Nd5 Qh5 46. Nf4 Qxh6 47. Qd4 Qd6 48. Nd5 a5 49. Qf4 Kb7 50. Qxd6 cxd6 51. Nc3 Kc6 52. f4 d5 53. Kf2 d4 54. Ne2 Bxe2 55. Kxe2 Kd5 56. g4 Ke4 57. f5 Kf4 58. b3 cxb3 59. Kd3 b2 60. Kc2 Kxg4 61. f6 Kf5 62. Kxb2 Kxf6 63. a4 Ke5 64. Kb3 Kd5 0-1


[Site "https://www.chess.com"]

[Event "Titled Tuesday Blitz May 23 Early 2023"]
[White "Nagare Kaivalya Sandip"]
[Black "Baches Garcia, Guillermo"]
[WhiteFideId "25957929"]
[BlackFideId "2209764"]
[WhiteElo "2024"]
[BlackElo "2513"]
[Result "1/2-1/2"]
[Round "08"]
[TimeControl "180+2"]
[Date "2023.05.23"]
[WhiteClock "0:00:58"]
[BlackClock "0:00:06"]

1. e4 d5 2. exd5 Qxd5 3. Nc3 Qa5 4. Nf3 Nf6 5. d4 Bf5 6. Be2 e6 7. O-O c6 8. a3 Nbd7 9. Bf4 Be7 10. b4 Qd8 11. Bd3 Bxd3 12. Qxd3 O-O 13. Ne4 Nxe4 14. Qxe4 Nf6 15. Qe2 a5 16. b5 cxb5 17. Qxb5 Qd5 18. Qd3 Rac8 19. Rab1 Rc4 20. Rxb7 Rxd4 21. Nxd4 Qxb7 22. Qb5 Qe4 23. Nc6 Bxa3 24. Qxa5 Qxc6 25. Qxa3 Qxc2 26. h3 Qf5 27. Qd6 h5 28. Rc1 Ne4 29. Qe5 Qxe5 30. Bxe5 f6 31. Bf4 e5 32. Be3 Nd6 33. Bc5 Rd8 34. Bb6 Rd7 35. Rd1 Kf7 36. g4 hxg4 37. hxg4 Ke6 38. Kg2 Nc4 39. Rxd7 Kxd7 40. Bc5 Ke6 41. Kg3 Kd5 42. Bf8 g6 43. Be7 Ke6 44. Bc5 Nd2 45. f3 e4 46. Kf4 exf3 47. Be3 Nc4 48. Bd4 Ne5 49. g5 fxg5+ 50. Kxg5 Kf7 51. Kf4 Nc6 52. Bf2 Ke6 53. Kxf3 Kf5 54. Be3 Ne5+ 55. Ke2 Ke4 56. Bc1 Nc4 57. Bh6 Nd6 58. Kf2 Nf5 59. Bg5 Ng7 60. Kg3 Ne6 61. Kg4 Nd4 62. Bf6 Nf3 63. Bh8 Ne5+ 64. Kg5 Nf7+ 65. Kxg6 1/2-1/2


[Site "https://www.chess.com"]

[Event "Titled Tuesday Blitz May 23 Early 2023"]
[White "Schnaider, Ilan"]
[Black "Chan, Luis"]
[WhiteFideId "169013"]
[BlackFideId "3216357"]
[WhiteElo "2224"]
[BlackElo "2127"]
[Result "0-1"]
[Round "08"]
[TimeControl "180+2"]
[Date "2023.05.23"]
[WhiteClock "0:00:05"]
[BlackClock "0:00:11"]

1. e4 e6 2. d4 d5 3. Nd2 c5 4. Ngf3 cxd4 5. Nxd4 Nc6 6. Bb5 Bd7 7. Nxc6 bxc6 8. Bd3 Bd6 9. Qe2 Ne7 10. e5 Bc7 11. O-O O-O 12. f4 f6 13. Nf3 f5 14. Be3 Bb6 15. Kh1 c5 16. c4 d4 17. Bd2 Bc6 18. Ng5 Qd7 19. b4 h6 20. Nh3 Qb7 21. Rab1 Qd7 22. Be1 Rab8 23. b5 Bb7 24. a4 Qc7 25. Qd2 a5 26. Qf2 Nc8 27. Bd2 Qf7 28. Qg3 Bc7 29. Ng1 Be4 30. Nh3 Nb6 31. Bxa5 Nxa4 32. Bd2 Rfd8 33. Nf2 Bb7 34. Ra1 Ra8 35. Be2 Be4 36. Bf3 Bxf3 37. Qxf3 Nb6 38. Qc6 Rxa1 39. Rxa1 Nxc4 40. Ra7 Nxd2 41. Rxc7 Qh5 42. Qxe6+ Kh7 43. b6 Qe2 44. Qxf5+ Kh8 45. h3 Qf1+ 46. Kh2 Qxf2 47. b7 Nf3+ 48. Kh1 Qg1# 0-1


[Site "https://www.chess.com"]

[Event "Titled Tuesday Blitz May 23 Early 2023"]
[White "Martic, Ivan"]
[Black "Ilkhomi, Jaloliddin"]
[WhiteFideId "929301"]
[BlackFideId "14700948"]
[WhiteElo "2360"]
[BlackElo "2045"]
[Result "0-1"]
[Round "08"]
[TimeControl "180+2"]
[Date "2023.05.23"]
[WhiteClock "0:00:00"]
[BlackClock "0:00:25"]

1. e4 e6 2. d4 d5 3. e5 c5 4. c3 Qb6 5. Nf3 Bd7 6. Be2 Bb5 7. c4 Bxc4 8. Bxc4 dxc4 9. d5 exd5 10. Qxd5 Nc6 11. O-O Rd8 12. Qxc4 Qb4 13. Na3 Qxc4 14. Nxc4 b5 15. Ne3 Nd4 16. Nxd4 cxd4 17. Nf5 g6 18. Ng3 Bb4 19. Ne4 Rd5 20. Bf4 f5 21. exf6 Kf7 22. a3 Ba5 23. b4 Bd8 24. Rfe1 Nxf6 25. Ng5+ Kg7 26. Ne6+ Kf7 27. Rac1 Re8 28. Ng5+ Kf8 29. Rxe8+ Kxe8 30. Ne6 d3 31. Kf1 Ne4 32. f3 Nd6 33. Re1 Kd7 34. Nc5+ Kc6 35. Bxd6 Rxd6 36. Rd1 d2 37. Ke2 Bg5 38. Ne4 Re6 39. Kd3 Bf4 40. g3 Bh6 41. f4 a5 42. Rxd2 axb4 43. axb4 Bf8 44. Rc2+ Kb6 45. h4 Bxb4 46. Rb2 Be7 47. Nc3 Rd6+ 48. Ke4 Re6+ 49. Kd3 b4 50. Nd5+ Kb5 51. Nc3+ Kc6 52. Ne4 h5 53. Rc2+ Kb5 54. Rc8 Rb6 55. Re8 Rb7 56. Kc2 Kc4 57. Nd2+ Kd4 58. Kb3 Kd3 59. Nc4 Rc7 60. Ne5+ Kd4 61. Nxg6 Rc3+ 62. Kb2 Bf6 63. Re6 Bg7 64. f5 Rxg3 65. f6 Rxg6 66. f7 Rxe6 0-1


[Site "https://www.chess.com"]

[Event "Titled Tuesday Blitz May 23 Early 2023"]
[White "Manukyan, Sargis A."]
[Black "Berezin, Viktor"]
[WhiteFideId "13303970"]
[BlackFideId "14107872"]
[WhiteElo "2187"]
[BlackElo "2310"]
[Result "1-0"]
[Round "08"]
[TimeControl "180+2"]
[Date "2023.05.23"]
[WhiteClock "0:01:44"]
[BlackClock "0:00:09"]

1. d4 Nf6 2. c4 g6 3. Nc3 Bg7 4. Nf3 O-O 5. h3 d6 6. Bg5 c5 7. dxc5 dxc5 8. Qxd8 Rxd8 9. Rd1 Rxd1+ 10. Kxd1 Nc6 11. e3 Bf5 12. Kc1 Rd8 13. Nd2 Nb4 14. e4 Be6 15. a3 Nd3+ 16. Bxd3 Rxd3 17. Kc2 Rd7 18. Be3 b6 19. f3 Nh5 20. Rd1 f5 21. Nd5 Bf7 22. g4 Ng3 23. Nf1 Nxf1 24. Rxf1 e6 25. Nc3 Bxc3 26. Kxc3 Kg7 27. Bf4 h6 28. Be5+ Kh7 29. b4 cxb4+ 30. axb4 g5 31. c5 bxc5 32. bxc5 Bg6 33. c6 Rd8 34. c7 Rc8 35. Rb1 fxe4 36. Rb8 1-0


[Site "https://www.chess.com"]

[Event "Titled Tuesday Blitz May 23 Early 2023"]
[White "Tokman, Ariel"]
[Black "koncheto"]
[WhiteFideId "117420"]
[WhiteElo "2263"]
[BlackElo "2615"]
[Result "1/2-1/2"]
[Round "08"]
[TimeControl "180+2"]
[Date "2023.05.23"]
[WhiteClock "0:00:09"]
[BlackClock "0:00:05"]

1. e4 e5 2. Nf3 Nf6 3. Nxe5 Nc6 4. Nf3 Nxe4 5. Nc3 Nf6 6. Bb5 Be7 7. O-O O-O 8. d3 a6 9. Ba4 b5 10. Bb3 Bb7 11. Nd5 Re8 12. Nxe7+ Qxe7 13. Bg5 h6 14. Bh4 Qd6 15. Bg3 Qc5 16. d4 Qb6 17. c3 d5 18. Ne5 Nxe5 19. Bxe5 Rad8 20. Re1 Ne4 21. Re3 Re6 22. Rxe4 dxe4 23. Bxe6 Qxe6 24. Bxc7 Rd7 25. Bf4 Bd5 26. b3 Rd8 27. Be3 Rc8 28. Rc1 Rc6 29. Qh5 a5 30. Qh4 a4 31. Qd8+ Kh7 32. Qb8 Rb6 33. Qf8 axb3 34. axb3 Rc6 35. Qb4 Bxb3 36. Qxb5 Bc4 37. Qb8 Rc8 38. Qf4 Bd5 39. h3 Rc4 40. Qb8 Qc8 41. Qb5 Qc6 42. Qb2 Ra4 43. Ra1 Qb7 44. Qc1 Rc4 45. Qd2 Qb3 46. Rc1 Qa3 47. Bf4 Qb3 48. Be5 Qa3 49. Qe3 f6 50. Bf4 Qb3 51. Kh2 Qa3 52. Qg3 Qe7 53. h4 h5 54. Ra1 Be6 55. Bd2 Bg4 56. Ra5 Qc7 57. Qxc7 Rxc7 58. Kg3 Kg6 59. Ra3 Be6 60. Ra5 Bc4 61. Kf4 Bd3 62. Ke3 Bb1 63. f3 exf3 64. gxf3 Re7+ 65. Kf4 Re2 66. Bc1 Re1 67. Ba3 Rf1 68. Bb4 Bc2 69. Ke3 Bd1 70. f4 Rf3+ 71. Kd2 Bb3 72. f5+ Rxf5 73. Rxf5 Kxf5 74. Bf8 g5 75. hxg5 fxg5 76. Ke3 Bd5 77. Kf2 Ke4 78. Bd6 h4 79. Be7 Kf5 80. Kg1 Kg4 81. Kh2 h3 82. Bd6 Kf3 83. Bg3 g4 84. Bd6 Bc4 85. Bg3 Bd5 86. Be5 Bc4 87. Bg3 Bd5 1/2-1/2


[Site "https://www.chess.com"]

[Event "Titled Tuesday Blitz May 23 Early 2023"]
[White "Sliwicki, Damian"]
[Black "Korchmar, Vasiliy"]
[WhiteFideId "1127128"]
[BlackFideId "24131750"]
[WhiteElo "2030"]
[BlackElo "2370"]
[Result "0-1"]
[Round "08"]
[TimeControl "180+2"]
[Date "2023.05.23"]
[WhiteClock "0:00:00"]
[BlackClock "0:02:08"]

1. e4 c5 2. Nf3 d6 3. d4 cxd4 4. Qxd4 Nc6 5. Bb5 a6 6. Bxc6+ bxc6 7. c4 e5 8. Qd3 Qc7 9. O-O Nf6 10. Nc3 h6 11. b3 Be7 12. Ba3 O-O 13. Nh4 Rd8 14. Nf5 Bxf5 15. exf5 d5 16. Bb2 e4 17. Qd4 c5 18. Qd2 d4 19. Ne2 Ng4 20. Ng3 e3 21. fxe3 Bg5 22. Qe2 Bxe3+ 23. Kh1 Nf6 24. Qf3 a5 25. Rae1 a4 26. Rxe3 dxe3 27. Bxf6 gxf6 28. Nh5 Qe5 29. h3 axb3 30. axb3 e2 31. Re1 Ra1 32. Qg4+ Kf8 33. Rxa1 Qxa1+ 34. Kh2 Qe5+ 35. g3 e1=Q 36. Qg7+ Ke7 0-1


[Site "https://www.chess.com"]

[Event "Titled Tuesday Blitz May 23 Early 2023"]
[White "HamedWafa4"]
[Black "Flynn, Jacob"]
[BlackFideId "2509393"]
[WhiteElo "2610"]
[BlackElo "2053"]
[Result "1-0"]
[Round "08"]
[TimeControl "180+2"]
[Date "2023.05.23"]
[WhiteClock "0:01:18"]
[BlackClock "0:00:31"]

1. e4 e5 2. Nf3 Nc6 3. Bb5 a6 4. Ba4 Nf6 5. O-O Be7 6. d3 b5 7. Bb3 d6 8. a3 O-O 9. Nc3 Bg4 10. Be3 Nd4 11. Bxd4 exd4 12. Nd5 Nd7 13. h3 Bxf3 14. Qxf3 c6 15. Nxe7+ Qxe7 16. Qg3 Nc5 17. Ba2 Na4 18. Rab1 Kh8 19. f4 f5 20. exf5 Rxf5 21. Rbe1 Qf8 22. Be6 Rf6 23. b3 Nc5 24. f5 Re8 25. Qg4 Nxe6 26. fxe6 Qe7 27. Rxf6 Qxf6 28. Rf1 Qg6 29. e7 Kg8 30. Qf4 Qf6 31. Qxf6 gxf6 32. Rxf6 Rxe7 33. Rxd6 Re1+ 34. Kf2 Ra1 35. Rxc6 Rxa3 36. g4 Ra2 37. Kf3 a5 38. Ke4 a4 39. bxa4 Rxa4 40. Rc5 Rb4 41. Rd5 Rb2 42. Kxd4 Rxc2 43. Rxb5 Rh2 44. Rh5 Kg7 45. Kd5 Ra2 46. d4 Kg6 47. Ke5 Re2+ 48. Kd6 Re8 49. d5 Rd8+ 50. Ke6 Re8+ 51. Kd7 Ra8 52. d6 h6 53. Ke7 Rh8 54. d7 Rh7+ 55. Ke6 Rh8 56. Rd5 1-0


[Site "https://www.chess.com"]

[Event "Titled Tuesday Blitz May 23 Early 2023"]
[White "Ljukin, Sergei"]
[Black "Novik, Maxim"]
[WhiteFideId "14102200"]
[BlackFideId "4102924"]
[WhiteElo "2312"]
[BlackElo "2287"]
[Result "1-0"]
[Round "08"]
[TimeControl "180+2"]
[Date "2023.05.23"]
[WhiteClock "0:00:05"]
[BlackClock "0:00:23"]

1. e4 c6 2. d4 d5 3. e5 Bf5 4. Nd2 e6 5. Nb3 Nd7 6. Nf3 f6 7. exf6 Ngxf6 8. Nh4 Bg4 9. Be2 Bxe2 10. Qxe2 Ne4 11. g3 Bb4+ 12. c3 Nxc3 13. Qxe6+ Qe7 14. Qxe7+ Kxe7 15. a3 Na2+ 16. axb4 Nxb4 17. O-O Kf6 18. Nf3 Rhe8 19. Bg5+ Kf5 20. Rad1 Re2 21. Rd2 Rae8 22. Rfd1 Nb6 23. Kf1 Rxd2 24. Nbxd2 Nd3 25. b3 h6 26. Bf4 g5 27. Be5 Nd7 28. Bd6 Kg4 29. Ne1 Nxe1 30. Rxe1 Rxe1+ 31. Kxe1 Kh3 32. f3 Kxh2 33. Kf2 Kh3 34. Nf1 Nf6 35. Be5 Nd7 36. g4 c5 37. Ng3 c4 38. Ne2 Nxe5 39. dxe5 cxb3 40. Nc3 d4 41. Nb1 a5 42. e6 a4 43. e7 a3 44. e8=Q a2 45. Qe5 1-0


[Site "https://www.chess.com"]

[Event "Titled Tuesday Blitz May 23 Early 2023"]
[White "Fiorito, Joaquin"]
[Black "Andreev, Konstantin"]
[WhiteFideId "180173"]
[BlackFideId "24239305"]
[WhiteElo "2157"]
[BlackElo "2106"]
[Result "1-0"]
[Round "08"]
[TimeControl "180+2"]
[Date "2023.05.23"]
[WhiteClock "0:00:15"]
[BlackClock "0:00:00"]

1. d4 Nf6 2. c4 e6 3. Nc3 Bb4 4. e3 O-O 5. Bd2 Re8 6. Nf3 b6 7. Bd3 Bb7 8. O-O d6 9. Qe2 e5 10. dxe5 dxe5 11. Rfd1 Qe7 12. Bc2 Nbd7 13. a3 Bd6 14. Nb5 a6 15. Nxd6 Qxd6 16. Bc3 Qe6 17. Ng5 Qe7 18. Nxh7 Ne4 19. Bxe4 Bxe4 20. Qg4 Nc5 21. Ng5 Bc2 22. Re1 f6 23. Nf3 Rad8 24. b4 Na4 25. Rac1 Bb3 26. Ba1 Rd3 27. Nh4 Qd7 28. Nf5 Rd8 29. Qg6 Kf8 30. h4 Qf7 31. Qh7 Qg8 32. Qh5 g6 33. Qh6+ Kf7 34. Ng3 Qg7 35. Qxg7+ Kxg7 36. Ne4 Kf7 37. f4 exf4 38. exf4 f5 39. Ng5+ Kf8 40. Bf6 R8d6 41. Be7+ Kg7 42. Bxd6 Rxd6 43. Re7+ Kf8 44. Rce1 Bxc4 45. Re8+ Kg7 46. R1e7+ Kf6 47. Rxc7 Nb2 48. Rf8+ 1-0


[Site "https://www.chess.com"]

[Event "Titled Tuesday Blitz May 23 Early 2023"]
[White "Thecourseoisildur"]
[Black "Pham, Le Thao Nguyen"]
[BlackFideId "12401226"]
[WhiteElo "2582"]
[BlackElo "2286"]
[Result "1-0"]
[Round "08"]
[TimeControl "180+2"]
[Date "2023.05.23"]
[WhiteClock "0:00:03"]
[BlackClock "0:00:04"]

1. e4 c5 2. Nf3 e6 3. d4 cxd4 4. Nxd4 a6 5. Be2 Qc7 6. O-O Nf6 7. Nc3 d6 8. Be3 Be7 9. f4 Nbd7 10. a4 b6 11. Bf3 Bb7 12. g4 Nc5 13. e5 dxe5 14. fxe5 Qxe5 15. Bf4 Bxf3 16. Rxf3 Qxf4 17. Rxf4 e5 18. Rxf6 Bxf6 19. Nf5 O-O 20. Nd5 Bg5 21. h4 Bf4 22. Nxf4 exf4 23. Qd6 Ne6 24. Qxb6 Rfd8 25. Ne7+ Kh8 26. Nc6 Re8 27. Rd1 g5 28. h5 f3 29. Ne5 f2+ 30. Qxf2 Nf4 31. Qc5 f6 32. Nf7+ Kg7 33. Nxg5 Ne2+ 34. Kf2 fxg5 35. Qxg5+ Kh8 36. Rd7 1-0


[Site "https://www.chess.com"]

[Event "Titled Tuesday Blitz May 23 Early 2023"]
[White "merinasian"]
[Black "Bayo Milagro, Alvaro"]
[BlackFideId "22275240"]
[WhiteElo "2480"]
[BlackElo "2270"]
[Result "1-0"]
[Round "08"]
[TimeControl "180+2"]
[Date "2023.05.23"]
[WhiteClock "0:00:06"]
[BlackClock "0:00:00"]

1. d4 Nf6 2. Nf3 d5 3. g3 c6 4. Bg2 Bg4 5. O-O Nbd7 6. c4 e6 7. h3 Bh5 8. cxd5 exd5 9. Nc3 Be7 10. Ne5 O-O 11. f4 c5 12. Be3 cxd4 13. Bxd4 Nxe5 14. Bxe5 Nd7 15. Bd4 f6 16. Bxd5+ Bf7 17. Bxb7 Rb8 18. Bg2 Rxb2 19. Nd5 Bc5 20. Bxc5 Nxc5 21. Qd4 Rc2 22. Rac1 Ne6 23. Qd3 Rxa2 24. Be4 h6 25. Rfd1 Re8 26. Qc4 Qa5 27. Qc6 Qa3 28. Bf3 Nd4 29. Rxd4 Ra1 30. Rdd1 Rxc1 31. Qxc1 Qa2 32. Qd2 Qb3 33. Kg2 Kh8 34. Qd3 Qb2 35. Qd2 Qb3 36. Qd3 Qb2 37. Rd2 Qc1 38. Ne3 Qc5 39. Nf5 Bg6 40. e4 Rb8 41. Nd6 Rb4 42. f5 Bh5 43. Bxh5 Ra4 44. Bf3 Ra1 45. Nf7+ Kh7 46. Rf2 Qc1 47. Be2 Qg1+ 48. Kf3 Qh1+ 49. Ke3 Rc1 50. Qd8 1-0


[Site "https://www.chess.com"]

[Event "Titled Tuesday Blitz May 23 Early 2023"]
[White "Spata, German"]
[Black "Shubenkova, Veronika"]
[WhiteFideId "113026"]
[BlackFideId "44124040"]
[WhiteElo "2260"]
[BlackElo "2060"]
[Result "1-0"]
[Round "08"]
[TimeControl "180+2"]
[Date "2023.05.23"]
[WhiteClock "0:00:10"]
[BlackClock "0:00:10"]

1. g3 d5 2. Bg2 Nf6 3. Nf3 g6 4. d3 Bg7 5. O-O O-O 6. Nbd2 c5 7. e4 d4 8. Nc4 Nc6 9. a4 Nd7 10. Nfd2 e5 11. f4 f6 12. Nf3 Qe7 13. Bd2 b6 14. Rf2 a6 15. fxe5 Ndxe5 16. Nxb6 Rb8 17. Nd5 Qd6 18. Nxe5 Nxe5 19. b3 Bg4 20. Qc1 f5 21. exf5 Bxf5 22. Bf4 Rbe8 23. Qd2 Qd8 24. Re1 Ng4 25. Rfe2 Rxe2 26. Qxe2 Kh8 27. h3 Ne3 28. Nxe3 dxe3 29. Qxe3 Kg8 30. Kh2 Bd4 31. Qe7 Qxe7 32. Rxe7 Bf6 33. Bd5+ Kh8 34. Be5 Bxe5 35. Rxe5 Bc8 36. Kg2 Kg7 37. Re7+ Kh6 38. g4 Rd8 39. Be4 Kg5 40. Kg3 h5 41. h4+ Kf6 42. Ra7 hxg4 43. Ra8 Ke5 44. Bb7 Rf8 45. Rxc8 Rf1 46. Rxc5+ Kd4 47. Rc4+ Ke3 48. Kxg4 Rg1+ 49. Kh3 g5 50. hxg5 Rxg5 51. Bxa6 Kf2 52. Kh4 Rg1 53. Bb7 Ke3 54. Be4 Kf4 55. Kh5 Rg8 56. a5 Ke5 57. a6 Rh8+ 58. Kg4 Rg8+ 59. Kf3 Rf8+ 60. Ke2 Re8 61. Kd2 Kd6 62. Bb7 Re7 63. Kc3 Re8 64. a7 Rh8 65. a8=Q Rxa8 66. Bxa8 Kd7 67. b4 Kd6 68. b5 Kd7 69. b6 Kd8 70. b7 Kd7 71. b8=Q Ke6 72. Qb6+ Kf5 73. Qb5+ Kg6 74. Rc6+ Kh7 75. Qb7+ Kh8 76. Rc8# 1-0


[Site "https://www.chess.com"]

[Event "Titled Tuesday Blitz May 23 Early 2023"]
[White "Mazarini41"]
[Black "egorchess95"]
[WhiteElo "2469"]
[BlackElo "2566"]
[Result "1-0"]
[Round "08"]
[TimeControl "180+2"]
[Date "2023.05.23"]
[WhiteClock "0:00:35"]
[BlackClock "0:00:12"]

1. d4 Nf6 2. c4 e5 3. dxe5 Ng4 4. Nf3 Bc5 5. e3 Nc6 6. Nc3 O-O 7. Be2 Re8 8. O-O Ngxe5 9. b3 Nxf3+ 10. Bxf3 Ne5 11. Bb2 a5 12. Na4 Bf8 13. g3 Nxf3+ 14. Qxf3 Ra6 15. Nc3 Rh6 16. Nd5 d6 17. Nf4 Qg5 18. Rad1 Bg4 19. Rd5 Bxf3 20. Rxg5 a4 21. Ra5 axb3 22. axb3 f6 23. Nd5 c6 24. Nf4 g5 25. Ng2 b5 26. cxb5 cxb5 27. Rc1 b4 28. Ne1 Be4 29. f3 Bg6 30. Bd4 Bf7 31. Rb1 f5 32. Rxf5 Bg6 33. Rxg5 Be7 34. Rg4 Rh5 35. Rc1 Ra5 36. Ng2 Kf7 37. Nf4 Ra3 38. Nxg6 hxg6 39. Rb1 Rc8 40. Rf4+ Ke6 41. Re4+ Kd7 42. Rb2 d5 43. Rg4 Rc1+ 44. Kg2 Raa1 45. Rxg6 Rg1+ 46. Kh3 Raf1 47. Kg4 Rh1 48. f4 Rb1 49. h4 Rxb2 50. Bxb2 Rb1 51. Bd4 Rxb3 52. h5 Rb1 53. h6 Rh1 54. Rg7 Ke6 55. h7 b3 56. Rxe7+ Kxe7 57. h8=Q Rxh8 58. Bxh8 d4 59. Bxd4 b2 60. Bxb2 1-0


[Site "https://www.chess.com"]

[Event "Titled Tuesday Blitz May 23 Early 2023"]
[White "Srdanovic, Jovana"]
[Black "robertoalejandro10"]
[WhiteFideId "954810"]
[WhiteElo "2169"]
[BlackElo "2565"]
[Result "0-1"]
[Round "08"]
[TimeControl "180+2"]
[Date "2023.05.23"]
[WhiteClock "0:00:00"]
[BlackClock "0:00:32"]

1. d4 Nf6 2. c4 c5 3. d5 d6 4. Nc3 g6 5. e4 Bg7 6. f4 O-O 7. Bd3 Na6 8. h3 Nc7 9. Nf3 a6 10. a4 Rb8 11. O-O b5 12. axb5 axb5 13. cxb5 Bd7 14. Bc4 Nxb5 15. e5 Ne8 16. Qe2 Nd4 17. Nxd4 cxd4 18. Nd1 Qc7 19. Re1 Qc5 20. Nf2 Nc7 21. Ne4 Qb6 22. Nf2 Bb5 23. Bxb5 Qxb5 24. Qe4 Qxd5 25. exd6 Qxd6 26. Nd3 Ne6 27. Ra5 Qb6 28. Rd5 Rfe8 29. f5 Nc7 30. fxg6 hxg6 31. Rg5 e5 32. Nxe5 f6 33. Qxg6 fxg5 34. Qf7+ Kh7 35. Qf5+ Kh8 0-1


[Site "https://www.chess.com"]

[Event "Titled Tuesday Blitz May 23 Early 2023"]
[White "Shevtchenko, Olesya"]
[Black "Heinemann, Josefine"]
[WhiteFideId "24131890"]
[BlackFideId "12900460"]
[WhiteElo "2003"]
[BlackElo "2342"]
[Result "1/2-1/2"]
[Round "08"]
[TimeControl "180+2"]
[Date "2023.05.23"]
[WhiteClock "0:00:18"]
[BlackClock "0:01:23"]

1. e4 c6 2. d4 d5 3. exd5 cxd5 4. Bd3 Nc6 5. c3 Nf6 6. Bf4 g6 7. Qc2 Bg7 8. h3 O-O 9. Nf3 Re8 10. O-O Nd7 11. Nbd2 e5 12. dxe5 Ndxe5 13. Nxe5 Nxe5 14. Bb5 Nc6 15. Rfe1 Bf5 16. Bd3 Bxd3 17. Qxd3 d4 18. cxd4 Qxd4 19. Qxd4 Nxd4 20. Rxe8+ Rxe8 21. Kf1 Ne6 22. Be3 Bxb2 23. Rb1 Bd4 24. Rxb7 Bxe3 25. fxe3 a5 26. Ne4 Nd8 27. Nf6+ Kf8 28. Rd7 Re6 29. Nxh7+ Ke8 30. Ra7 Nc6 31. Ra8+ Kd7 32. Ng5 Rxe3 33. Nxf7 Ra3 34. Nh8 Ne5 35. Ra6 Rxa2 36. Nxg6 Nc4 37. Nf4 a4 38. h4 a3 39. h5 Ne3+ 40. Kg1 Ng4 41. g3 Ra1+ 42. Kg2 a2 43. Nd5 Ke8 44. Nf4 Ne3+ 45. Kf3 Rf1+ 46. Kxe3 a1=Q 47. Rxa1 Rxa1 48. Kf3 Kf7 49. Kg4 Kf6 50. Nd5+ Kg7 51. Ne3 Ra5 52. Kf4 Ra4+ 53. Kg5 Ra5+ 54. Nf5+ Kh7 55. g4 Rb5 56. Kf6 Rb6+ 57. Kg5 Rb5 58. Kf4 Rb4+ 59. Kf3 Rb5 60. Kf4 Rb4+ 61. Kg3 Rb3+ 62. Kh4 Rb4 63. Ne3 Re4 64. Nd5 Rd4 65. Nf6+ Kg7 66. Kg5 Ra4 67. h6+ Kh8 68. Nd7 Ra5+ 69. Kg6 Ra6+ 70. Nf6 Ra5 71. Nh5 Ra6+ 72. Nf6 Ra5 73. Ne4 Ra6+ 74. Kh5 Ra5+ 75. g5 Re5 76. Ng3 Rb5 77. Kg4 Rb6 78. Ne4 Ra6 79. Kf5 Ra5+ 80. Kf4 Ra6 81. Nf2 Kh7 82. Ng4 Ra4+ 83. Kf5 Ra5+ 84. Ne5 Rb5 85. Kf6 Rb6+ 86. Kf5 Rb5 87. Kf4 Rb4+ 88. Kg3 Rb5 89. Kf4 Rb4+ 90. Ke3 Rb5 91. Ke4 Rb4+ 92. Kf5 Rb5 1/2-1/2


[Site "https://www.chess.com"]

[Event "Titled Tuesday Blitz May 23 Early 2023"]
[White "Senft, Sean"]
[Black "Han, Yichen"]
[WhiteFideId "2044960"]
[BlackFideId "1054430"]
[WhiteElo "1989"]
[BlackElo "2342"]
[Result "0-1"]
[Round "08"]
[TimeControl "180+2"]
[Date "2023.05.23"]
[WhiteClock "0:00:00"]
[BlackClock "0:00:03"]

1. d4 d5 2. c4 e6 3. Nc3 c5 4. cxd5 cxd4 5. Qxd4 Nc6 6. Qd1 exd5 7. e3 Nf6 8. Nf3 Bb4 9. Be2 Ne4 10. Qc2 Qf6 11. Bd2 Bf5 12. Qb3 Nxd2 13. Nxd2 O-O 14. O-O d4 15. exd4 Qxd4 16. Nf3 Qc5 17. Rac1 Be6 18. Qa4 Qa5 19. Qxa5 Bxa5 20. a3 Rad8 21. Bb5 Nd4 22. Nxd4 Rxd4 23. Rfd1 Rfd8 24. Rxd4 Rxd4 25. b4 Bb6 26. Rd1 a6 27. Be2 Bb3 28. Rxd4 Bxd4 29. Nd1 f5 30. Kf1 g6 31. Ke1 Kg7 32. Kd2 Kf6 33. f3 h5 34. Nc3 h4 35. b5 a5 36. Kd3 h3 37. gxh3 Bg1 38. Bd1 Be6 39. Na4 Bd7 40. Kc4 Be6+ 41. Kd3 Kg5 42. Ke2 Kh4 43. Kf1 Bd4 44. Kg2 f4 45. Bc2 Bxh3+ 46. Kh1 g5 47. Bd1 Be6 48. Bc2 g4 49. fxg4 Bxg4 50. Kg2 f3+ 51. Kf1 Bh3+ 52. Ke1 f2+ 53. Ke2 f1=Q+ 0-1


[Site "https://www.chess.com"]

[Event "Titled Tuesday Blitz May 23 Early 2023"]
[White "GMFYHR1"]
[Black "Bruedigam, Martin"]
[BlackFideId "24608033"]
[WhiteElo "2431"]
[BlackElo "2331"]
[Result "1/2-1/2"]
[Round "08"]
[TimeControl "180+2"]
[Date "2023.05.23"]
[WhiteClock "0:00:22"]
[BlackClock "0:00:09"]

1. e4 c6 2. d4 d5 3. e5 Bf5 4. Nf3 e6 5. Be2 Nd7 6. O-O a5 7. a4 h6 8. c3 Ne7 9. Nbd2 Bh7 10. Re1 Ng6 11. Nf1 Be7 12. b3 O-O 13. Ba3 Bxa3 14. Rxa3 Ne7 15. Bd3 Bxd3 16. Qxd3 c5 17. Ng3 Nc6 18. Raa1 Rc8 19. Qb5 Qb6 20. dxc5 Qxc5 21. Qxb7 Rfd8 22. Qb5 Rb8 23. Qxc5 Nxc5 24. b4 axb4 25. cxb4 Rxb4 26. Rac1 Rc4 27. Nd2 Nd3 28. Nxc4 Nxc1 29. Rxc1 dxc4 30. Rxc4 Rd1+ 31. Nf1 Nxe5 32. Rc8+ Kh7 33. g3 Ra1 34. Ra8 Ra2 35. Ne3 Nd3 36. f4 g5 37. fxg5 hxg5 38. a5 Ne5 39. h3 f5 40. Re8 f4 41. gxf4 gxf4 42. Ng4 Nf3+ 43. Kf1 Rxa5 44. Rxe6 Ra1+ 45. Kg2 Ng5 46. Rf6 Ra2+ 47. Kf1 Ra1+ 48. Kg2 Ra2+ 49. Nf2 Rxf2+ 50. Kxf2 Ne4+ 51. Kf3 Nxf6 52. Kxf4 Kg6 53. h4 Kh5 54. Kf5 Kxh4 1/2-1/2


[Site "https://www.chess.com"]

[Event "Titled Tuesday Blitz May 23 Early 2023"]
[White "Klepikov, Nikita"]
[Black "Fantinel, Thibault"]
[WhiteFideId "24145220"]
[BlackFideId "663395"]
[WhiteElo "2025"]
[BlackElo "2316"]
[Result "1/2-1/2"]
[Round "08"]
[TimeControl "180+2"]
[Date "2023.05.23"]
[WhiteClock "0:00:05"]
[BlackClock "0:00:14"]

1. e4 c5 2. Nf3 e6 3. d4 cxd4 4. Nxd4 Nc6 5. Nc3 Qc7 6. Be3 a6 7. a3 b5 8. Nxc6 Qxc6 9. Be2 Bb7 10. O-O Rc8 11. Qd3 Nf6 12. Bf3 Qc7 13. Rfd1 Bc5 14. Bxc5 Qxc5 15. e5 Bxf3 16. exf6 Bc6 17. fxg7 Rg8 18. Qxh7 Ke7 19. Rd3 Qe5 20. Rg3 a5 21. Rd1 b4 22. axb4 axb4 23. Nb1 Be4 24. Qh4+ f6 25. Re1 Rxc2 26. h3 d5 27. Qh6 Qxb2 28. Nd2 Rxd2 29. Qh8 Kf7 30. Qh5+ Ke7 31. Qh8 Kf7 32. Qh5+ Ke7 33. Qh8 1/2-1/2


[Site "https://www.chess.com"]

[Event "Titled Tuesday Blitz May 23 Early 2023"]
[White "Wadsworth, Matthew J"]
[Black "Tsyhanchuk, Stanislav"]
[WhiteFideId "415804"]
[BlackFideId "13505130"]
[WhiteElo "2347"]
[BlackElo "2173"]
[Result "1-0"]
[Round "08"]
[TimeControl "180+2"]
[Date "2023.05.23"]
[WhiteClock "0:01:15"]
[BlackClock "0:00:10"]

1. Nf3 Nf6 2. g3 d5 3. Bg2 c5 4. O-O e6 5. c4 d4 6. e3 Nc6 7. exd4 cxd4 8. d3 h6 9. Bf4 Bd6 10. Bxd6 Qxd6 11. Nbd2 O-O 12. Re1 e5 13. Rc1 Bf5 14. Qb3 b6 15. Nh4 Bh7 16. Qb5 Rac8 17. c5 bxc5 18. Rxc5 Bxd3 19. Rxc6 Qd7 20. Qc5 e4 21. Rxc8 Rxc8 22. Qa3 Qb7 23. Qxd3 Qb4 24. Bxe4 Nxe4 25. Rxe4 Rc1+ 26. Nf1 Qxb2 27. Re8# 1-0


[Site "https://www.chess.com"]